 Dungeon Crawl Stone Soup version 0.31-a0-620-gd1cbd99268 (webtiles) character file.

Game seed: 6594139766783284027

127085 night the Brawler (level 16, -14/174 HPs)
             Began as a Troll Shapeshifter on Aug 21, 2023.
             Was an Initiate of Gozag.
             Killed from afar by Aizul (29 damage)
             ... with a poison arrow
             ... on level 1 of the Snake Pit on Aug 23, 2023.
             The game lasted 01:07:37 (25202 turns).

night the Brawler (Troll Shapeshifter)             Turns: 25202, Time: 01:07:38

Health: -14/174    AC: 21    Str: 33    XL:     16   Next: 45%
Magic:  15/15      EV:  9    Int:  4    God:    Gozag
Gold:   4886       SH:  5    Dex: 10    Spells: 15/15 levels left

rFire   + +          .
                       - Unarmed
rCold   + + +        (shield currently unavailable)
rNeg    . . .        X - +1 ice dragon scales
rPois   .            W - +2 hat {Stlth+}
rElec   .            M - +0 cloak
rCorr   +            (gloves unavailable)
SInv    .            (boots unavailable)
Will    +....        I - amulet of reflection Stlth
                     s - +4 ring of protection
HPRegen 1.29/turn    K - ring of Wu Jian, Screaming {Drain Fly rF+++ rC+++ rCorr}
MPRegen 0.14/turn

%: reflection
@: lethally poisoned (-14 -> -32), flux-form, flying, glowing
A: glow, contaminating, large, unfitting armour, claws 3, regeneration 1, shaggy
fur 1, tough skin 1
a: Begin Untransformation, Renounce Religion, Potion Petition, Call Merchant,
Bribe Branch


You were on level 1 of the Snake Pit.
You worshipped Gozag.
Gozag was most pleased with you.
You were something dangerously unstable.
You visited 5 branches of the dungeon, and saw 24 of its levels.
You also visited: Bailey and Ice Cave.

You collected 10845 gold pieces.
You spent 216 gold pieces at shops.
You paid 5743 gold pieces to Gozag.

Inventory:

Missiles
 j - 248 stones
 l - 12 javelins
 m - 34 poisoned darts
 r - 6 atropa-tipped darts
 u - 2 datura-tipped darts
 v - 5 darts of dispersal
 z - 9 throwing nets
 D - 14 boomerangs
 P - 7 curare-tipped darts
 S - 29 large rocks
Armour
 a - a +0 animal skin
 o - a +0 kite shield
 M - a +0 cloak (worn)
 N - a +2 robe of fire resistance
 O - +0 steam dragon scales
 T - the +2 robe "Vytif" {Stlth+}
   (You bought it in a shop on level 10 of the Dungeon)

   Stlth+:    It makes you more stealthy.
 W - a +2 hat of stealth (worn)
 X - +1 ice dragon scales (worn)
Jewellery
 s - a +4 ring of protection (left claw)
 I - an amulet of reflection (around neck)
 K - the ring of Wu Jian, Screaming (right claw) {Drain Fly rF+++ rC+++ rCorr}
   (You took it off a gnoll bouda on level 7 of the Dungeon)

   [ring of flight]

   rF+++:     It renders you almost immune to fire.
   rC+++:     It renders you almost immune to cold.
   Fly:       It grants you flight.
   rCorr:     It protects you from acid and corrosion.
   Drain:     It drains your maximum health when unequipped.
 Y - a ring of see invisible
 Z - a ring of fire
Talismans
 c - a beast talisman
 d - a flux talisman (active)
Wands
 A - a wand of mindburst (9)
 F - a wand of polymorph (4)
 L - a wand of quicksilver (10)
Scrolls
 f - 10 scrolls of teleportation
 i - 6 scrolls of identify
 n - 2 scrolls of blinking
 y - 4 scrolls of torment
 B - 5 scrolls of revelation
 H - 4 scrolls of vulnerability
 J - a scroll of immolation
 R - a scroll of amnesia
 U - 2 scrolls of fear
Potions
 b - 5 potions of lignification
 e - 3 potions of ambrosia
 g - 3 potions of enlightenment
 h - 2 potions of heal wounds
 k - 3 potions of might
 p - 4 potions of haste
 q - 5 potions of curing
 t - a potion of invisibility
 w - 3 potions of berserk rage
 x - 6 potions of mutation {unknown}
 C - 4 potions of cancellation {unknown}
 E - a potion of magic {unknown}
 G - a potion of resistance {unknown}
 V - a potion of attraction {unknown}
Miscellaneous
 Q - a tin of tremorstones (2/2)


   Skills:
 + Level 14.5 Fighting
 + Level 4.6 Armour
 + Level 5.1 Dodging
 + Level 17.0 Unarmed Combat
 - Level 15.8 Shapeshifting


You had 15 spell levels left.
You didn't know any spells.
Your spell library contained the following spells:

 Spells                   Type           Power      Damage    Failure   Level
 Apportation              Tloc           0%         N/A       77%         1
 Kiss of Death            Conj/Necr      0%         2d5       77%         1
 Magic Dart               Conj           0%         1d3       77%         1
 Sandblast                Erth           0%         2d4       77%         1
 Call Imp                 Summ           0%         N/A       88%         2
 Passwall                 Tmut/Erth      0%         N/A       88%         2
 Sublimation of Blood     Necr           0%         N/A       88%         2
 Wereblood                Tmut           0%         N/A       88%         2
 Call Canine Familiar     Summ           0%         N/A       98%         3
 Confusing Touch          Hex            0%         N/A       98%         3
 Ignite Poison            Fire/Tmut/Pois 0%         N/A       98%         3
 Inner Flame              Hex/Fire       0%         N/A       98%         3
 Mephitic Cloud           Conj/Pois/Air  0%         N/A       98%         3
 Portal Projectile        Hex/Tloc       0%         N/A       98%         3
 Stone Arrow              Conj/Erth      0%         3d7       98%         3
 Anguish                  Hex/Necr       0%         N/A       100%        4
 Animate Armour           Summ/Erth      0%         N/A       100%        4
 Cause Fear               Hex            0%         N/A       100%        4
 Dispel Undead            Necr           0%         3d6       100%        4
 Flame Wave               Conj/Fire      0%         2d4       100%        4
 Iskenderun's Mystic Bla  Conj/Tloc      0%         2d3       100%        4
 Leda's Liquefaction      Hex/Erth       0%         N/A       100%        4
 Passage of Golubria      Tloc           0%         N/A       100%        4
 Sticky Flame             Conj/Fire      0%         2d3       100%        4
 Summon Lightning Spire   Summ/Air       0%         N/A       100%        4
 Alistair's Intoxication  Tmut/Pois      0%         N/A       100%        5
 Borgnjor's Vile Clutch   Necr/Erth      0%         N/A       100%        5
 Lee's Rapid Deconstruct  Erth           0%         3d4*      100%        5
 Silence                  Hex/Air        0%         N/A       100%        5
 Conjure Ball Lightning   Conj/Air       0%         3x3d6     100%        6
 Death Channel            Necr           0%         N/A       100%        6
 Leda's Unmaking          Conj/Erth      0%         9d1       100%        6
 Enfeeble                 Hex            0%         N/A       100%        7
 Summon Hydra             Summ           0%         N/A       100%        7
 Discord                  Hex            0%         N/A       100%        8
 Disjunction              Tloc           0%         N/A       100%        8
 Ignition                 Fire           0%         3d3       100%        8
 Lehudib's Crystal Spear  Conj/Erth      0%         10d2      100%        8
 Animate Dead             Necr           Unusable   N/A       N/A         4

Dungeon Overview and Level Annotations

Branches:
Dungeon (15/15) Temple (1/1) D:6 Lair (5/5) D:9 Shoals (0/4) Lair:3 Snake (1/4) Lair:2 Slime (0/5) Lair:5 Orc (2/2) D:10 Elf (0/3) Orc:2 Vaults (0/5) D:13 D:14 Depths (0/4) D:15 Bailey (visited) IceCv (visited)

Altars:
Ashenzari
Cheibriados
Dithmenos
Elyvilon
Fedhas
Gozag
Hepliaklqana
Kikubaaqudgha
Makhleb
Nemelex Xobeh
Okawaru
Qazlal
Ru
Sif Muna
Trog
Uskayaw
Vehumet
Wu Jian
Xom
Yredelemnul
Zin
The Shining One
Jiyva

Shops:
D:10 [*?   D:11 (   D:12 *   Orc:1 *(   Orc:2 [[*(*

Portals:
Trove: D:12 (give +2 gold dragon scales)

Annotations:
Lair:5 1 runed translucent door
Snake:1 Aizul


Innate Abilities, Weirdness & Mutations

You are something dangerously unstable.
You glow with magical radiation, making you easy to see and hit.
Foes you strike become dangerously contaminated with magical radiation.
You are incapable of wielding weapons or throwing items.
You are too large for most types of armour.
You have claws for hands.
Your natural rate of healing is unusually fast.
You are covered in fur. (AC +1)
You have tough skin. (AC +1)


Message History

Aizul casts a spell at you. The bolt of poison hits you!
You are more poisoned.
You scratch Aizul.
Aizul shudders as magic cascades through her!!
Aizul twists and deforms.
Aizul is almost dead.
You feel very sick.
Aizul coils herself and waves her upper body at you.
The bolt of poison hits you!
You are more poisoned.
* * * LOW HITPOINT WARNING * * *
You miss Aizul.
Aizul is almost dead.
* * * LOW HITPOINT WARNING * * *
You feel extremely sick.
Aizul coils herself and waves her upper body at you.
The poison arrow hits you!!
You are more poisoned.
* * * LOW HITPOINT WARNING * * *
You feel much better.
* * * LOW HITPOINT WARNING * * *
You feel extremely sick. Aizul barely misses you.
Aizul hits you but does no damage.
You feel much better.
You feel extremely sick.
Aizul coils herself and waves her upper body at you.
The bolt of poison hits you!!
You are lethally poisoned!
* * * LOW HITPOINT WARNING * * *
You feel better.
Aizul coils herself and waves her upper body at you.
The bolt of poison hits you.
You are poisoned.
* * * LOW HITPOINT WARNING * * *
Aizul coils herself and waves her upper body at you.
The poison arrow hits you!!
You are lethally poisoned!
You die...
Your body crumbles into a pile of gold.

#########################.
.............................
.............................
.............................
.....................BS......
.............###########.....
.............## ...
..............# .
).............####
..................
..................
#..#..............
#..######.........


You could see Aizul (misshapen).

Vanquished Creatures
  Rupert (D:12)
  Jorgrun (Snake:1)
  Gastronok (D:11)
  Kirke (D:15)
  Donald (Orc:1)
  A juggernaut zombie (D:15)
  The ghost of hohey the Grappler, a journeyman TrFi of Wu Jian (Lair:2)
  Azrael (Orc:1)
  A minotaur (Lair:2)
  A yaktaur captain (D:10)
  Harold (D:9)
  5 catoblepae
  4 hydras
  7 centaur warriors
  2 ogre magi (Orc:2)
  Erica (D:8)
  2 ironbound frosthearts (IceCv)
  3 boulder beetles
  A vampire mage (D:15)
  2 tengu warriors
  14 two-headed ogres
  13 death yaks
  A naga warrior (Snake:1)
  An orc high priest (Orc:1)
  2 naga sharpshooters (Snake:1)
  Urug (Lair:4)
  Nergalle (Lair:3)
  The ghost of kaychamo the Nimble, a novice OpSh of Gozag (D:10)
  2 skeletal warriors (D:15)
  A fire crab (shapeshifter) (D:15)
  Amaemon (Lair:3)
  2 skysharks
  2 deep trolls (Orc:2)
  A necromancer (D:15)
  3 orc knights
  5 deep elf pyromancers
  A stone giant zombie (D:15)
  5 ugly things
  4 manticores
  16 elephants
  6 cyclopes
  A black mamba (Lair:5)
  A naga mage (Snake:1)
  An ice statue (IceCv)
  Jeremiah (D:8)
  12 cane toads
  4 torpor snails
  3 kobold demonologists
  Maggie (D:9)
  An orange demon (Lair:3)
  A spriggan zombie (D:15)
  6 komodo dragons
  3 rime drakes
  10 polar bears
  A meliai (shapeshifter) (D:13)
  2 meliai
  2 hornets (D:9)
  14 trolls
  26 blink frogs
  3 dream sheep
  5 slime creatures (D:14)
  3 shadows
  3 vampires
  2 hogs (D:15)
  4 fire elementals (Orc:1)
  5 wraiths
  16 humans (D:13)
  8 wyverns
  118 yaks
  A human (shapeshifter) (D:9)
  5 steam dragons
  4 basilisks
  3 vampire mosquitoes
  7 nagas
  5 wargs (D:10)
  2 acid dragons
  12 water moccasins
  2 hell hounds (Orc:1)
  A human skeleton (D:15)
  23 orc warriors
  A black bear (D:6)
  2 ice beasts (D:6)
  A sky beast (D:7)
  19 ogres
  38 wolves
  8 centaurs
  A phantom (D:5)
  8 bullfrogs
  8 kobold brigands
  9 gnoll sergeants (Bailey)
  2 two-headed ogre simulacra (D:12)
  2 scorpions
  9 wights
  An elephant simulacrum (D:12)
  8 killer bees
  2 vampire bats (D:9)
  An electric eel (D:14)
  5 howler monkeys
  7 gnoll boudas
  7 hounds
  9 orc priests
  3 jellies
  2 iguanas
  A polar bear simulacrum (D:12)
  Natasha (thrice) (D:4)
  25 orc wizards
  3 troll simulacra (D:12)
  22 gnolls
  A naga simulacrum (D:12)
  3 adders
  3 shadow imps
  A white imp (D:8)
  2 ufetubi
  A worm (D:4)
  2 dart slugs
  58 orcs
  9 bats
  3 endoplasms
  2 giant cockroaches (D:3)
  5 goblins
  7 hobgoblins
  2 quokkas (D:3)
  7 ball pythons
  4 frilled lizards
  22 kobolds
  4 rats
786 creatures vanquished.

Vanquished Creatures (others)
  A meliai (D:14)
  A human (D:15)
  An acid dragon (D:9)
3 creatures vanquished.

Grand Total: 789 creatures vanquished

Notes
Turn   | Place    | Note
-------+----------+-------------------------------------------
     0 | D:1      | night the Troll Shapeshifter began the quest for the Orb.
     0 | D:1      | Reached XP level 1. HP: 18/18 MP: 0/0
    91 | D:1      | Reached skill level 1 in Fighting
   252 | D:1      | Reached XP level 2. HP: 27/27 MP: 1/1
  1193 | D:2      | Identified the +0 morningstar "Ciokluustra" {heavy, Fly
                  | rF+}
  1371 | D:2      | Reached XP level 3. HP: 32/33 MP: 2/2
  1552 | D:2      | You fall into a shaft and drop 1 floor!
  2017 | D:3      | Found a transporter.
  2029 | D:3      | Found a transporter.
  2056 | D:3      | Reached skill level 2 in Fighting
  2056 | D:3      | Reached XP level 4. HP: 42/42 MP: 3/3
  2531 | D:4      | Noticed Natasha
  2541 | D:4      | Killed Natasha
  2542 | D:4      | Reached skill level 4 in Unarmed Combat
  2542 | D:4      | Reached XP level 5. HP: 41/50 MP: 4/4
  2780 | D:4      | Noticed Natasha
  2785 | D:4      | Killed Natasha
  2972 | D:4      | Noticed Natasha
  2973 | D:4      | Killed Natasha
  2974 | D:4      | Reached XP level 6. HP: 61/61 MP: 5/5
  3137 | D:5      | Entered Level 5 of the Dungeon
  3488 | D:5      | Reached skill level 5 in Unarmed Combat
  3563 | D:5      | Reached XP level 7. HP: 57/67 MP: 6/6
  3956 | D:6      | Found a staircase to the Ecumenical Temple.
  3981 | Temple   | Entered the Ecumenical Temple
  3992 | Temple   | Became a worshipper of Gozag Ym Sagoz the Greedy
  4046 | D:6      | Reached skill level 5 in Shapeshifting
  4336 | D:6      | Reached skill level 6 in Unarmed Combat
  4347 | D:6      | Reached XP level 8. HP: 62/79 MP: 7/7
  4920 | D:7      | Reached skill level 5 in Fighting
  5099 | D:7      | Identified the ring of Wu Jian, Screaming {Drain Fly rF+++
                  | rC+++ rCorr}
  5380 | D:7      | Reached skill level 7 in Unarmed Combat
  5416 | D:7      | Reached XP level 9. HP: 35/89 MP: 8/8
  5515 | D:8      | Noticed Jeremiah
  5528 | D:8      | Found a flagged portal.
  5992 | D:8      | Killed Jeremiah
  5993 | D:8      | Reached skill level 8 in Unarmed Combat
  5994 | Bailey   | Entered a bailey
  6343 | Bailey   | Reached XP level 10. HP: 63/102 MP: 9/9
  6390 | Bailey   | Reached skill level 9 in Unarmed Combat
  6947 | D:8      | Noticed Erica
  6958 | D:8      | Killed Erica
  7635 | D:9      | Noticed Maggie
  7647 | D:9      | Killed Maggie
  7697 | D:9      | Noticed a two-headed ogre
  7699 | D:9      | Noticed a two-headed ogre
  7702 | D:9      | Killed a two-headed ogre
  7706 | D:9      | Killed a two-headed ogre
  7707 | D:9      | Reached skill level 10 in Unarmed Combat
  7866 | D:9      | Reached XP level 11. HP: 88/113 MP: 10/10
  8013 | D:9      | Noticed Harold
  8036 | D:9      | Killed Harold
  8187 | D:9      | Identified the +1 buckler "Oli Pubb" {rPois}
  8273 | D:9      | Found a staircase to the Lair.
  8302 | D:9      | Noticed a deep elf pyromancer
  8317 | D:9      | Killed a deep elf pyromancer
  8354 | D:9      | Noticed a boulder beetle
  8359 | D:9      | Noticed a two-headed ogre
  8371 | D:9      | Killed a boulder beetle
  8372 | D:9      | Reached skill level 11 in Unarmed Combat
  8375 | D:9      | Killed a two-headed ogre
  8416 | D:9      | Noticed a centaur warrior
  8423 | D:9      | Killed a centaur warrior
  8462 | D:9      | Noticed a tengu warrior
  8477 | D:9      | Killed a tengu warrior
  8503 | D:9      | Reached skill level 10 in Shapeshifting
  8920 | D:10     | Entered Level 10 of the Dungeon
  9063 | D:10     | Reached XP level 12. HP: 116/126 MP: 11/11
  9176 | D:10     | Reached skill level 10 in Fighting
  9176 | D:10     | Reached skill level 12 in Unarmed Combat
  9214 | D:10     | Found a staircase to the Orcish Mines.
  9278 | D:10     | Noticed a two-headed ogre
  9293 | D:10     | Killed a two-headed ogre
  9444 | D:10     | Found a runed translucent door.
  9455 | D:10     | Noticed kaychamo's ghost (novice OpSh)
  9465 | D:10     | Killed kaychamo's ghost
  9715 | D:10     | Found a snail-covered altar of Cheibriados.
 10025 | D:10     | Noticed a yaktaur captain
 10032 | D:10     | Killed a yaktaur captain
 10048 | D:10     | Noticed a tengu warrior
 10063 | D:10     | Killed a tengu warrior
 10619 | Orc:1    | Entered Level 1 of the Orcish Mines
 10669 | Orc:1    | Noticed an orc high priest
 10743 | D:10     | Bought a transparent robe for 216 gold pieces
 10743 | D:10     | Identified the +2 robe "Vytif" {Stlth+} (You bought it in a
                  | shop on level 10 of the Dungeon)
 11191 | Orc:1    | Killed an orc high priest
 11241 | Orc:1    | Reached skill level 13 in Unarmed Combat
 11298 | Orc:1    | Found Fyerumel's CLEARANCE SALE!.
 11524 | Orc:1    | Found Plog's Weapon Shoppe.
 11712 | Orc:2    | Entered Level 2 of the Orcish Mines
 11712 | Orc:2    | Noticed Azrael
 11736 | Orc:2    | Noticed a boulder beetle
 11774 | Orc:1    | Killed a boulder beetle
 11826 | Orc:1    | Killed Azrael
 11827 | Orc:1    | Reached XP level 13. HP: 109/137 MP: 12/12
 11871 | Orc:2    | Noticed Donald
 11895 | Orc:1    | Killed Donald
 12026 | Orc:2    | Found a staircase to the Elven Halls.
 12112 | Orc:2    | Found Lucot's Armour Shoppe.
 12752 | Orc:2    | Paralysed by an ogre mage for 2 turns
 13126 | Orc:2    | Reached skill level 12 in Shapeshifting
 13176 | Orc:2    | Reached skill level 14 in Unarmed Combat
 13276 | Orc:2    | Found Jebloqank's General Store.
 13278 | Orc:2    | Found Muaffuytt's Antique Weapon Shop.
 13287 | Orc:2    | Found Opeplal's Assorted Antiques.
 13629 | D:11     | Found Xoelanuf's Antique Weapon Shoppe.
 13644 | D:11     | Noticed Gastronok
 13662 | D:11     | Killed Gastronok
 13663 | D:11     | Reached skill level 12 in Fighting
 13918 | D:11     | Found an iron altar of Okawaru.
 14360 | D:12     | Found a frozen archway.
 14408 | IceCv    | Entered an ice cave
 14667 | IceCv    | Reached XP level 14. HP: 149/149 MP: 13/13
 15025 | IceCv    | Upgraded the game from 0.31-a0-604-g8e0283293c to
                  | 0.31-a0-620-gd1cbd99268
 15663 | D:12     | Reached skill level 15 in Unarmed Combat
 15729 | D:12     | Noticed Rupert
 15816 | D:12     | HP: 8/150 [Rupert/+3 heavy battleaxe (28)]
 15817 | D:12     | Killed Rupert
 15818 | D:12     | Reached skill level 14 in Shapeshifting
 16198 | D:12     | Found a portal to a secret trove of treasure.
 16284 | D:13     | Identified the +1 leather armour of the Feeding Gods
                  | {Will+}
 17143 | D:14     | Found a gate to the Vaults.
 18095 | D:14     | Got Zedwefae's Advanced Willworking
 18521 | D:15     | Entered Level 15 of the Dungeon
 18756 | D:15     | Reached XP level 15. HP: 156/161 MP: 14/14
 18897 | D:15     | Noticed Kirke
 18907 | D:15     | Found a staircase to the Depths.
 18917 | D:15     | Killed Kirke
 18921 | D:15     | HP: 16/160 [something (10)]
 18926 | D:15     | HP: 31/232 [skeletal warrior/+0 glaive (3)]
 18932 | D:15     | HP: 13/235 [skeletal warrior/+0 glaive (9)]
 18933 | D:15     | HP: 5/235 [skeletal warrior/+0 glaive (9)]
 19133 | D:15     | Reached skill level 16 in Unarmed Combat
 19491 | Lair:1   | Entered Level 1 of the Lair of Beasts
 20373 | Lair:2   | Found a staircase to the Snake Pit.
 20414 | Lair:2   | Found a runed translucent gate.
 20414 | Lair:2   | Found a runed translucent gate.
 20414 | Lair:2   | Found a runed translucent gate.
 20421 | Lair:2   | Noticed hohey's ghost (journeyman TrFi)
 20533 | Lair:2   | Reached skill level 2 in Dodging
 20537 | Lair:2   | Reached skill level 1 in Armour
 21279 | Lair:2   | Killed hohey's ghost
 21287 | Lair:2   | Reached skill level 2 in Armour
 21435 | Lair:3   | Reached skill level 14 in Fighting
 21792 | Lair:3   | Found a staircase to the Shoals.
 21914 | Lair:3   | Noticed Amaemon
 21923 | Lair:3   | Killed Amaemon
 21982 | Lair:3   | Noticed Nergalle
 21989 | Lair:3   | Killed Nergalle
 22352 | Lair:4   | Noticed Sonja
 22354 | Lair:4   | Sonja changed into Sonja the wolf
 22354 | Lair:4   | Noticed Sonja
 22356 | Lair:4   | Killed Sonja the wolf
 22445 | Lair:4   | Noticed Urug
 22461 | Lair:4   | Killed Urug
 22824 | Lair:4   | Reached XP level 16. HP: 150/172 MP: 15/15
 23317 | Lair:5   | Entered Level 5 of the Lair of Beasts
 23366 | Lair:5   | Found a runed translucent door.
 23368 | Lair:5   | Found a viscous altar of Jiyva.
 23370 | Lair:5   | Found a staircase to the Slime Pits.
 23370 | Lair:5   | Noticed an acid blob
 23372 | Lair:5   | Noticed an acid blob
 24443 | Lair:5   | Reached skill level 17 in Unarmed Combat
 24898 | Snake:1  | Entered Level 1 of the Snake Pit
 24898 | Snake:1  | Noticed Jorgrun
 24982 | Snake:1  | Killed Jorgrun
 25096 | Snake:1  | Reached skill level 5 in Dodging
 25186 | Snake:1  | Noticed Aizul
 25199 | Snake:1  | HP: 5/174 [Aizul/poison arrow (22)]
 25202 | Snake:1  | Killed from afar by Aizul

Illustrated notes

Levels and vault maps discovered:
D:1:      shiori_arrival_elements, layout_loops_ring, grunt_decor_clamped,
          nicolae_the_louvre
D:2:      layout_loops_ring
D:3:      gammafunk_wand_slinger, layout_basic, hangedman_decor_diamond_cutter,
          grunt_decor_one_mirror
D:4:      layout_loops_ring, uniq_natasha
D:5:      layout_loops_ring
D:6:      layout_basic, minmay_temple_entry_statues_fountains
D:7:      layout_cave_pools
D:8:      layout_layer_cave, enter_bailey_6, uniq_erica, uniq_jeremiah
D:9:      minmay_opposing_rooms, layout_cave_pools, roderic_batcave,
          nzn_random_ring, uniq_maggie, uniq_harold
D:10:     nicolae_hexawheel, layout_basic, mainiacjoe_overflow_boulevard,
          minmay_orc_entry_guard_dogs, hellmonk_ghost_happy_afterlife
D:11:     layout_loops_ring, serial_shops, nicolae_shop_rolling_square,
          okawaru_metal_pillars_1_2, uniq_gastronok
D:12:     layout_loops_ring, portal_ice_cave_entry_ice_simulacra,
          nicolae_trove_entry_free_sample, uniq_rupert
D:13:     layout_cave_pods
D:14:     layout_long_grid, david_vaults_3, minmay_misc_feat_more_columns,
          serial_bayou_lagoon_a
D:15:     gammafunk_depths_entry_grave, layout_gridville, uniq_kirke
Temple:   nicolae_temple_bog_church
Lair:1:   layout_chaotic_city, minmay_stone_trees_medium, serial_bayou_pond_b
Lair:2:   layout_roguey, guppyfry_snake_entry_island,
          maelrawn_ghost_gauntlet_escape, serial_bayou_shore_a,
          grunt_megastairs_3
Lair:3:   layout_misc_corridors, shoals_dummy_entry, uniq_amaemon, uniq_nergalle
Lair:4:   layout_regular_city, uniq_sonja, uniq_urug
Lair:5:   evilmike_catoblepas_cave, layout_cave_pods, slime_entry_2,
          grunt_forest_stairs_basic, lemuel_fruit_tree
Snake:1:  layout_onion, uniq_jorgrun, uniq_aizul
Orc:1:    layout_caves, serial_shops, nicolae_shop_bloodbath_and_beyond,
          nicolae_shop_clearance
Orc:2:    st_orc_open, layout_caves, rock_pile, uniq_donald, uniq_azrael

Skill      XL: |  1  2  3  4  5  6  7  8  9 10 11 12 13 14 15 16 |
---------------+-------------------------------------------------+-----
Fighting       | 1 2 3 4 5 7 8 9 11 12 13 14 | 14.5
Unarmed Combat | 4 5 6 7 8 10 11 13 14 15 16 17 | 17.0
Shapeshifting  | 4 5 6 7 8 10 11 12 14 15 | 15.8
Dodging        | 3 5 |  5.1
Armour         | 3 4 |  4.6

Action                     |  1- 3 |  4- 6 |  7- 9 | 10-12 | 13-15 | 16-18 || total
---------------------------+-------+-------+-------+-------+-------+-------++-------
  Melee: Unarmed           |    77 |    84 |   298 |   665 |  1431 |   249 ||  2804
         Punch             |       |     3 |       |       |       |     5 ||     8
 Invoke: Call Merchant     |       |       |       |     3 |     2 |       ||     5
         Potion Petition   |       |       |       |       |     1 |       ||     1
  Evoke: Wand              |     4 |    10 |     5 |     1 |    12 |       ||    32
         Tin of tremorston |       |       |       |       |     2 |       ||     2
    Use: Scroll            |       |     9 |     4 |     1 |    17 |       ||    31
         Potion            |       |       |       |       |     5 |     5 ||    10
   Stab: Distracted        |       |       |     2 |     5 |     5 |     1 ||    13
         Petrified         |       |       |       |       |       |     1 ||     1
 Armour: Animal skin       |    22 |    31 |    96 |     2 |       |       ||   151
         Steam dragon scal |       |       |       |   226 |   324 |       ||   550
         Robe              |       |       |       |    29 |       |       ||    29
         Ice dragon scales |       |       |       |       |   321 |   113 ||   434
         Skin              |       |       |       |       |       |    38 ||    38
  Dodge: Dodged            |    26 |    28 |   138 |   262 |   469 |    54 ||   977
  Block: Other             |       |       |    38 |   144 |   243 |    37 ||   462
         Reflection        |       |       |     2 |     2 |    12 |     1 ||    17
   Form: Flux              |       |     1 |       |       |       |       ||     1

Table legend: (Time is in decaauts)
 A = Elapsed time spent in this place.
 B = Non-inter-level travel time spent in this place.
 C = Inter-level travel time spent in this place.
 D = Time resting spent in this place.
 E = Time spent auto-exploring this place.
 F = Levels seen in this place.
 G = Mean time per level.
                   A        B        C        D        E       F      G
               +--------+--------+--------+--------+--------+-----+--------+
         Total |  24613 |  23582 |   1031 |   2513 |  15553 |  26 |  946.7 |
       Dungeon |  15261 |  14579 |    682 |   1428 |  10157 |  15 | 1017.4 |
        Temple |     21 |      2 |     19 |      0 |      0 |   1 |   21.0 |
          Lair |   5265 |   5045 |    220 |    209 |   3722 |   5 | 1053.0 |
     Snake Pit |    236 |    236 |      0 |      0 |    131 |   1 |  236.0 |
  Orcish Mines |   2279 |   2171 |    108 |    579 |   1009 |   2 | 1139.5 |
        Bailey |    665 |    665 |      0 |    184 |    156 |   1 |  665.0 |
      Ice Cave |    882 |    882 |      0 |    112 |    378 |   1 |  882.0 |
               +--------+--------+--------+--------+--------+-----+--------+

Top non-repeatable levels by time:
    D:10: 2268 daAuts
  Lair:5: 1479 daAuts
    D:13: 1324 daAuts
     D:9: 1304 daAuts
     D:8: 1234 daAuts
  Lair:2: 1207 daAuts
   Orc:1: 1150 daAuts
   Orc:2: 1129 daAuts
    D:14: 1006 daAuts
     D:3: 964 daAuts
  Lair:4: 963 daAuts
    D:12: 929 daAuts
     D:7: 920 daAuts
  Lair:3: 902 daAuts
     D:1: 893 daAuts
